 Dungeon Crawl Stone Soup version 0.20.1-1-g8b1a95d (webtiles) character file.

805 Gargoyl the Chopper (level 7, 0/62 HPs)
             Began as a Minotaur Abyssal Knight on July 29, 2017.
             Was a Believer of Lugonu.
             Slain by a worker ant (1 damage)
             ... on level 6 of the Dungeon.
             The game lasted 00:08:10 (4298 turns).

Gargoyl the Chopper (Minotaur Abyssal Knight)       Turns: 4298, Time: 00:08:11

Health: 0/62       AC:  9    Str: 17      XL:     7   Next: 60%
Magic:  8/8        EV:  7    Int:  9      God:    Lugonu [**....]
Gold:   305        SH:  0    Dex: 10 (11) Spells: 6/6 levels left

rFire    . . .     SeeInvis .   p - +0 broad axe
rCold    . . .     Gourm    .   (no shield)
rNeg     . . .     Faith    .   i - +0 chain mail
rPois    .         Spirit   .   (helmet restricted)
rElec    .         Reflect  .   (no cloak)
rCorr    .         Harm     .   (no gloves)
MR       .....                  (no boots)
Stlth    ..........             (no amulet)
Regen    0.2/turn               m - ring of flight
MPRegen  0.2/turn               (no ring)

@: lethally poisoned (0 -> -3), drained
A: retaliatory headbutt, horns 2
a: Depart the Abyss, Bend Space, Renounce Religion, Evoke Flight


You were on level 6 of the Dungeon.
You worshipped Lugonu.
Lugonu was pleased with you.
You were not hungry.

You visited 1 branch of the dungeon, and saw 6 of its levels.
You visited the Abyss 1 time.

You collected 305 gold pieces.

Inventory:

Hand Weapons
 a - a +2 hand axe
 h - a +0 spear of venom
 p - a +0 broad axe (weapon)
Missiles
 e - 7 silver tomahawks (quivered)
Armour
 i - a +0 chain mail (worn)
Jewellery
 m - a ring of flight (left hand)
Wands
 b - a wand of scattershot (0/9)
 d - a wand of lightning (0/15)
 f - a wand of polymorph (7/24)
Scrolls
 j - 3 scrolls of identify
 k - a scroll of amnesia
Potions
 n - a potion of magic
Books
 o - a book of Clouds

   Spells                             Type                      Level
   a - Poisonous Vapours              Poison/Air                   2
   b - Mephitic Cloud                 Conjuration/Poison/Air       3
   c - Conjure Flame                  Conjuration/Fire             3
   d - Freezing Cloud                 Conjuration/Ice/Air          6
   e - Ring of Flames                 Charms/Fire                  7
Comestibles
 c - 5 bread rations
 g - 2 royal jellies


   Skills:
 + Level 5.9(5.0) Fighting
 + Level 6.4(5.5) Axes
 * Level 6.0(5.1) Armour
 + Level 1.7(0.9) Dodging
 * Level 3.3(2.5) Invocations
 + Level 0.3(0.0) Evocations


You had 6 spell levels left.
You didn't know any spells.

Dungeon Overview and Level Annotations

Branches:
Dungeon (6/15)
 Temple: D:4-7

Altars:
Ashenzari
Elyvilon
Gozag
Nemelex Xobeh
Qazlal
Trog
Vehumet

Annotations:
D:3 Peloso's ghost, amateur MiFi
D:4 SirMumm's ghost, novice GrWz


Innate Abilities, Weirdness & Mutations

You reflexively headbutt those who attack you in melee.
You have a pair of horns on your head.


Message History

* * * LOW HITPOINT WARNING * * *
You are lethally poisoned!
The worker ant poisons you!
Okay, then.
You closely miss the orc priest.
The orc priest is moderately wounded.
You hit the worker ant.
* * * LOW HITPOINT WARNING * * *
You feel sick. The worker ant barely misses you.
The orc priest hits you but does no damage.
You feel drained.
The worker ant bites you but does no damage.
Unknown command.
You slash the orc priest!
You kill the orc priest!
Lugonu accepts your kill.
You barely miss the worker ant.
* * * LOW HITPOINT WARNING * * *
You feel sick. The worker ant bites you.
You die...

!.. .... ....
..... .....#
......# #..o##
#a@### ##...## .
##...## #...#
##...###....#
##..........#
#...........##
#............##
##.............#
##...............


You could see a worker ant and an orc priest.

Vanquished Creatures
  Sigmund (D:2)
  A big kobold (D:6)
  A scorpion (D:6)
  A small abomination (Abyss:2)
  A quasit (D:6)
  A centaur zombie (D:6)
  2 hounds
  An orc priest (D:6)
  An orc wizard (D:6)
  2 iguanas
  A worker ant (D:4)
  A howler monkey zombie (D:6)
  A worker ant zombie (D:5)
  7 gnolls
  2 adders
  A shadow imp (D:5)
  An ooze (D:2)
  6 worms
  3 leopard geckos
  9 orcs
  A giant cockroach (D:5)
  5 goblins
  5 hobgoblins
  28 kobolds
  2 quokkas
  A ball python (D:2)
  2 bats (D:2)
  5 frilled lizards
  5 rats
  A plant (D:6)
99 creatures vanquished.

Vanquished Creatures (others)
  A plant (D:6)
1 creature vanquished.

Grand Total: 100 creatures vanquished

Notes
Turn   | Place    | Note
-------+----------+-------------------------------------------
     0 | Abyss:1  | Gargoyl the Minotaur Abyssal Knight began the quest for the Orb.
     0 | Abyss:1  | Reached XP level 1. HP: 19/19 MP: 1/1
    21 | Abyss:1  | Noticed a chaos spawn
    21 | Abyss:1  | Noticed a chaos spawn
    93 | Abyss:1  | Noticed a starcursed mass
   174 | Abyss:2  | Noticed a spatial vortex
   184 | Abyss:2  | Noticed a small abomination
   194 | Abyss:2  | Killed a small abomination
   194 | Abyss:2  | Reached XP level 2. HP: 28/28 MP: 2/2
   194 | Abyss:2  | Reached XP level 3. HP: 34/34 MP: 3/3
   195 | Abyss:2  | Noticed a chaos spawn
   198 | Abyss:2  | Noticed a great orb of eyes
   200 | D:1      | Escaped the Abyss
  1034 | D:2      | Reached XP level 4. HP: 41/41 MP: 4/4
  1057 | D:2      | Found a white marble altar of Elyvilon.
  1069 | D:2      | Noticed Sigmund
  1070 | D:2      | Reached skill level 5 in Fighting
  1083 | D:2      | Killed Sigmund
  1083 | D:2      | Reached XP level 5. HP: 19/48 MP: 5/5
  1310 | D:3      | Reached * piety under Lugonu
  1452 | D:3      | Reached XP level 6. HP: 29/56 MP: 6/6
  1846 | D:2      | Found an opulent altar of Gozag.
  1847 | D:2      | Found a shattered altar of Ashenzari.
  2134 | D:2      | Found a bloodstained altar of Trog.
  2360 | D:3      | Found a radiant altar of Vehumet.
  2419 | D:3      | Noticed Peloso's ghost (amateur MiFi)
  2664 | D:4      | Reached skill level 5 in Axes
  2739 | D:4      | Found a sparkling altar of Nemelex Xobeh.
  2870 | D:4      | Reached skill level 5 in Armour
  2882 | D:4      | Found a stormy altar of Qazlal.
  2893 | D:4      | Noticed SirMumm's ghost (novice GrWz)
  2957 | D:5      | Entered Level 5 of the Dungeon
  3702 | D:6      | Reached ** piety under Lugonu
  3702 | D:6      | Reached XP level 7. HP: 58/61 MP: 8/8
  4296 | D:6      | HP: 2/62 [worker ant (2)]
  4298 | D:6      | Slain by a worker ant

Skill      XL: |  1  2  3  4  5  6  7 |
---------------+----------------------+-----
Fighting       | 4 5 |  5.9
Axes           | 3 4 5 6 |  6.4
Invocations    | 2 3 |  3.3
Armour         | 4 5 6 |  6.0
Dodging        | |  1.7
Evocations     | |  0.3

Action                   |  1- 3 |  4- 6 |  7- 9 || total
-------------------------+-------+-------+-------++-------
Melee: Hand axe          |    36 |   180 |    77 ||   293
       Headbutt          |     5 |    34 |    15 ||    54
       Broad axe         |       |       |    12 ||    12
       Unarmed           |       |       |     8 ||     8
Invok: Depart the Abyss  |     1 |       |       ||     1
Evoke: Wand              |     2 |     1 |       ||     3
  Use: Scroll            |     3 |     3 |       ||     6
       Potion            |       |     3 |     3 ||     6
  Eat: Chunk             |       |     8 |     3 ||    11
Armor: Chain mail        |    12 |   122 |    51 ||   185
       Leather armour    |     6 |       |       ||     6
       Skin              |       |       |     3 ||     3
Dodge: Dodged            |    14 |    73 |    50 ||   137
